Map: Blackpink LE

Players

kauP - Winner!

  • Race: Terran Terran
  • Spawn Location: 1:00

HolyHit

  • Race: Protoss Protoss
  • Spawn Location: 7:00

Event: WCS Leipzig 2018

VOD

Have the link to the VOD?

Description

Time

  • Played on: Jan. 26, 2018, 6:39 a.m.
  • Length: 6:01

All games in this series

Show
View Real Time Build Order
Export as new Build Order

kauP Terran - Winner!

Build Orders: Reaper Expand 

Get SALT Encoding   

  12  0:00  SCV  
  13  0:12  SCV  
  14  0:17  Supply Depot  
  14  0:24  SCV  
  15  0:38  SCV  
  15  0:40  Barracks  
  16  0:44  Refinery  
  16  0:51  SCV  
  17  1:03  SCV  
  18  1:15  SCV  
  19  1:27  Orbital Command  
  19  1:28  Reaper  
  20  1:48  Command Center  
  20  1:50  Barracks  
  20  2:00  Supply Depot  
  20  2:05  Supply Depot, Barracks Reactor  
  20  2:08  SCV  
  21  2:20  SCV  
  21  2:22  Barracks  
  22  2:32  SCV  
  23  2:37  Barracks Tech Lab  
  23  2:44  Marine x2  
  23  2:45  SCV  
  23  2:48  Engineering Bay  
  26  2:56  Stimpack  
  26  2:57  SCV, Marine  
  28  3:01  Orbital Command  
  28  3:04  Marine  
  29  3:07  Marine  
  29  3:09  SCV  
  31  3:12  Marine  
  31  3:15  Terran Infantry Weapons Level 1  
  32  3:22  Marine  
  32  3:25  Marauder  
  35  3:29  Marine  
  35  3:30  Orbital Command, Marine  
  37  3:36  SCV  
  37  3:40  Marine  
  39  3:46  Marine x2  
  41  3:48  SCV  
  41  3:49  Missile Turret  
  42  4:00  SCV, Supply Depot  
  44  4:03  Marine  
  44  4:08  Supply Depot, Marauder  
  46  4:19  Supply Depot  
  46  4:21  Marine x3  
  46  4:22  SCV x2  
  51  4:30  Marauder  
  52  4:34  SCV x2  
  54  4:39  Marine x3  
  54  4:42  Supply Depot  
  57  4:46  SCV  
  57  4:51  Refinery, Marauder  
  60  4:55  SCV  
  60  4:58  SCV  
  62  5:03  Marine x2  
  62  5:05  Supply Depot  
  64  5:10  Command Center  
  64  5:14  Factory  
  64  5:15  SCV  
  65  5:23  Refinery  
  65  5:28  Marine x2  
  64  5:39  Marine x2  
  66  5:45  SCV x2  
  61  5:58  Barracks  
  61  5:59  Barracks  
Show
View Real Time Build Order
Export as new Build Order

HolyHit Protoss 

Build Orders: 1 Gate Expand, Blink Stalkers 

Get SALT Encoding   

  12  0:00  Probe  
  13  0:12  Probe  
  14  0:18  Pylon  
  14  0:24  Probe (Chrono Boost)  
  15  0:37  Probe (Chrono Boost), Gateway  
  16  0:45  Probe (Chrono Boost)  
  16  0:46  Assimilator  
  17  0:51  Probe (Chrono Boost)  
  18  1:03  Probe (Chrono Boost)  
  20  1:11  Probe (Chrono Boost)  
  20  1:17  Probe  
  21  1:27  Nexus  
  21  1:35  Cybernetics Core  
  21  1:40  Probe  
  21  1:46  Assimilator  
  22  1:49  Pylon  
  22  1:53  Probe  
  22  2:05  Probe  
  23  2:11  Adept (Chrono Boost)  
  23  2:12  Warp Gate  
  25  2:17  Probe  
  26  2:27  Twilight Council  
  26  2:29  Stalker (Chrono Boost)  
  27  2:30  Probe (Chrono Boost)  
  29  2:39  Probe (Chrono Boost)  
  31  2:47  Probe (Chrono Boost)  
  31  2:49  Probe (Chrono Boost)  
  32  2:54  Probe x2 (Chrono Boost)  
  34  2:58  Stalker  
  36  3:05  Probe  
  36  3:09  Probe, Blink  
  38  3:13  Pylon  
  38  3:17  Probe  
  39  3:21  Probe  
  39  3:23  Shield Battery  
  40  3:30  Probe  
  40  3:33  Robotics Facility  
  41  3:35  Probe  
  42  3:42  Probe (Chrono Boost)  
  44  3:51  Probe (Chrono Boost)  
  44  3:54  Probe (Chrono Boost)  
  45  4:00  Gateway  
  45  4:02  Probe (Chrono Boost)  
  47  4:03  Probe (Chrono Boost), Gateway  
  47  4:08  Probe  
  47  4:09  Pylon  
  46  4:12  Probe, Assimilator  
  46  4:13  Assimilator  
  46  4:14  Stalker  
  49  4:18  Warp Prism (Chrono Boost)  
  49  4:20  Probe  
  53  4:24  Probe  
  53  4:30  Pylon  
  53  4:32  Probe  
  54  4:43  Probe  
  54  4:44  Forge  
  55  4:47  Observer  
  56  4:54  Gateway, Robotics Bay  
  56  4:56  Stalker  
  56  4:57  Stalker  
  56  4:59  Gateway  
  60  5:02  Sentry  
  60  5:04  Probe  
  60  5:05  Probe  
  64  5:10  Pylon  
  64  5:12  Observer  
  65  5:16  Shield Battery  
  65  5:20  Stalker  
  67  5:26  Stalker  
  69  5:41  Stalker  
  43  5:45  Stalker  
  42  5:52  Stalker  
Tags
 
Add a new tag
Caveats
  • Supply blocks, unpowered buildings, or Contaminate may cause inaccurate times.
  • Supply counts are checked every 10 seconds.